[Event "ICC tourney 2149 (70 10)"]
[Site "Internet Chess Club"]
[Date "2020.11.22"]
[Round "5"]
[White "EmmiDM"]
[Black "miles42"]
[Result "0-1"]
[ICCResult "White resigns"]
[WhiteElo "1439"]
[BlackElo "1343"]
[Opening "Petrov's defense"]
[ECO "C42"]
[NIC "RG.03"]
[Time "16:05:27"]
[TimeControl "4200+10"]

1. e4 e5 2. Nf3 Nf6 3. Nxe5 d6 4. Nf3 Nxe4 5. Bc4 d5 6. Bb3 Bc5 7. O-O c6 8.
Re1 Bxf2+ 9. Kh1 Bxe1 10. Qxe1 O-O 11. d3 Nc5 12. Bg5 f6 13. Bf4 Re8 14. Qg3
Nxb3 15. axb3 Nd7 16. Nd4 Qe7 17. Nd2 Ne5 18. Re1 Bd7 19. N2f3 Qf7 20. Nxe5
fxe5 21. Bxe5 Rxe5 22. Qxe5 Re8 23. Qg3 Re7 24. Nf3 Rxe1+ 25. Qxe1 Bg4 26.
Ne5 Qe6 27. d4 Bf5 28. Qa5 Qf6 29. Qxa7 Bxc2 30. Qb8+ Qf8 31. Qxf8+ Kxf8 32.
b4 Ke7 33. Kg1 Kf6 34. Kf2 Kf5 35. Ke3 g5 36. g3 Ke6 37. h4 gxh4 38. gxh4
Kf5 39. Kf3 Be4+ 40. Ke3 h5 41. b5 c5 42. dxc5 Kxe5 43. b4 d4+ 44. Ke2 Kd5
{White resigns}
0-1

[Event "ICC tourney 2149 (70 10)"]
[Site "Internet Chess Club"]
[Date "2020.11.22"]
[Round "5"]
[White "Draconian"]
[Black "MrPenguino26"]
[Result "1-0"]
[ICCResult "Black resigns"]
[WhiteElo "1571"]
[BlackElo "1262"]
[Opening "Sicilian: Hungarian variation"]
[ECO "B27"]
[NIC "SI.43"]
[Time "16:05:17"]
[TimeControl "4200+10"]

1. e4 c5 2. Nf3 g6 3. Bc4 Bg7 4. O-O e6 5. Nc3 Ne7 6. d4 cxd4 7. Nxd4 Nbc6
8. Ndb5 O-O 9. Bf4 Ne5 10. Bb3 N7c6 11. Qd6 a6 12. Nc7 Rb8 13. N3d5 exd5 14.
exd5 Qe7 15. Qxe7 Nxe7 16. d6 Nf5 17. Rad1 b5 18. Nd5 Nc6 19. Ne7+ Nfxe7 20.
dxe7 Re8 21. Bxb8 Nxb8 22. c3 Rxe7 23. Rfe1 Rxe1+ 24. Rxe1 Kf8 25. h4 Nc6
26. Re3 Ne5 27. Bd5 h5 28. a4 Ng4 29. Re1 b4 30. cxb4 Bxb2 31. Re2 Bc3 32.
Rc2 Bxb4 33. Rxc8+ Ke7 34. Rc4 a5 35. Re4+ Kf8 36. Rxb4 axb4 37. a5
{Black resigns}
1-0

[Event "ICC tourney 2149 (70 10)"]
[Site "Internet Chess Club"]
[Date "2020.11.22"]
[Round "5"]
[White "ranu540"]
[Black "Munkhbileg2"]
[Result "0-1"]
[ICCResult "White checkmated"]
[WhiteElo "1333"]
[BlackElo "1491"]
[Opening "Pirc: classical (two knights) system"]
[ECO "B07"]
[NIC "PU.10"]
[Time "16:05:18"]
[TimeControl "4200+10"]

1. e4 d6 2. d4 g6 3. Nf3 Bg7 4. Nc3 Nf6 5. Bc4 O-O 6. O-O e5 7. dxe5 dxe5 8.
Qxd8 Rxd8 9. Nxe5 Be6 10. Bg5 Bxc4 11. Nxc4 Rd4 12. Nd2 h6 13. Be3 Rd7 14.
f3 Nc6 15. Nb3 b6 16. a3 Rad8 17. Rad1 Ne5 18. Nd2 Ne8 19. b3 Nxf3+ 20. Nxf3
Bxc3 21. Rxd7 Rxd7 22. Bxh6 Nf6 23. e5 Ng4 24. Bf4 Rd5 25. e6 fxe6 26. Bxc7
Ne3 27. Rc1 Bd2 28. Rb1 Nxc2 29. Nxd2 Rxd2 30. Re1 Nxe1 31. Bb8 a6 32. Ba7
b5 33. Bb6 Nc2 34. a4 bxa4 35. bxa4 Nd4 36. a5 Nb3 37. Kf1 Rd5 38. Ke2 Nxa5
39. Bxa5 Rxa5 40. Kd3 Rb5 41. Kc4 Rb8 42. Kc5 a5 43. Kd6 a4 44. Kxe6 a3 45.
Kf6 a2 46. Kxg6 a1=Q 47. Kh5 Rb4 48. g4 Qe5+ 49. g5 Qxh2+ 50. Kg6 Rb6+ 51.
Kf5 Rb5+ 52. Kg6 Qh7+ 53. Kf6 Qf5+ 54. Ke7 Qc5+ 55. Ke6 Rb6+ 56. Kd7 Qd6+
57. Kc8 Rb8# {White checkmated} 0-1

[Event "ICC tourney 2149 (70 10)"]
[Site "Internet Chess Club"]
[Date "2020.11.22"]
[Round "5"]
[White "attalone"]
[Black "GiganticCell"]
[Result "1-0"]
[ICCResult "Black checkmated"]
[WhiteElo "1521"]
[BlackElo "1385"]
[Opening "QGD: classical variation (5.Bf4)"]
[ECO "D31"]
[NIC "QP.08"]
[Time "16:05:26"]
[TimeControl "4200+10"]

1. d4 d5 2. c4 e6 3. Nc3 Be7 4. Nf3 Nf6 5. Bf4 c5 6. e3 Nc6 7. cxd5 exd5 8.
Be2 Bf5 9. O-O O-O 10. Rc1 Re8 11. Re1 cxd4 12. exd4 Bd6 13. Bg5 Bb4 14. a3
Ba5 15. b4 Bb6 16. Be3 Ne4 17. Na4 Qf6 18. Nc5 Bxc5 19. bxc5 Rac8 20. Qb3 b6
21. Bb5 bxc5 22. Bxc6 Rxc6 23. dxc5 Rec8 24. Qxd5 Nc3 25. Rxc3 Qxc3 26. Qxf5
Qxa3 27. Ng5 Qa5 28. Qxh7+ Kf8 29. Qh8+ Ke7 30. Bd2+ Re6 31. Bxa5 Rxe1+ 32.
Bxe1 Rxh8 33. h3 Rh5 34. Ne4 Re5 35. f3 f5 36. Bc3 Rd5 37. Ng3 Rxc5 38. Bb4
g6 39. Bxc5+ Kf6 40. Ba3 Kg5 41. Kf2 Kf4 42. Ne2+ Ke5 43. f4+ Ke4 44. g3 a5
45. Bf8 a4 46. Nc3+ Kd3 47. Nxa4 Ke4 48. Nb6 Kd4 49. Nd7 Kd5 50. Ne5 Ke6 51.
Kf3 Kf6 52. Ba3 Kg7 53. Bb2 Kh6 54. Kg2 Kh7 55. h4 Kh6 56. Kh3 Kh5 57. Nf7
g5 58. Nxg5 Kg6 59. Nf3 Kh5 60. Bf6 Kg6 61. Bg5 Kh5 62. Nd4 Kg6 63. Nc6 Kh5
64. Nd4 Kg6 65. g4 fxg4+ 66. Kxg4 Kg7 67. h5 Kh7 68. h6 Kg6 69. Nf3 Kh7 70.
Kh5 Kh8 71. Kg6 Kg8 72. Nh4 Kh8 73. Bf6+ Kg8 74. h7+ Kf8 75. h8=Q#
{Black checkmated}
1-0

[Event "ICC tourney 2149 (70 10)"]
[Site "Internet Chess Club"]
[Date "2020.11.22"]
[Round "5"]
[White "thihansa"]
[Black "Futurebus"]
[Result "1/2-1/2"]
[ICCResult "Game drawn by mutual agreement"]
[WhiteElo "1207"]
[BlackElo "1522"]
[Opening "Sicilian: closed, 2...Nc6"]
[ECO "B24"]
[NIC "SI.44"]
[Time "16:05:45"]
[TimeControl "4200+10"]

1. e4 c5 2. Nc3 Nc6 3. d3 g6 4. g3 Bg7 5. Bg2 e6 6. Nge2 Nge7 7. Be3 b6 8.
a4 O-O 9. O-O Bb7 10. Qd2 d5 11. Bh6 d4 12. Nd1 Nb4 13. Bxg7 Kxg7 14. f4 Qc7
15. Nf2 f5 16. Nc1 Rae8 17. Na2 Nxa2 18. Rxa2 e5 19. fxe5 Qxe5 20. Qf4 Qe6
21. Raa1 fxe4 22. Qc1 Nf5 23. Bxe4 Ne3 24. Bxb7 Nxf1 25. Qxf1 Qe2 26. Rc1
Qe3 27. Kg2 Rxf2+ 28. Qxf2 Qxc1 29. b3 Qe3 30. Bd5 Qxf2+ 31. Kxf2 Rf8+ 32.
Ke2 Kf6 33. Be4 Kg5 34. h3 Rf7 35. Bf3 Re7+ 36. Kf2 Kf6 37. Be4 h5 38. h4 g5
39. Bf3 gxh4 40. gxh4 Re5 41. Be4 a6 42. Kg3 Re7 43. Kf2 Re8 44. Bb7 Rg8 45.
Bf3 b5 46. axb5 axb5 47. Bxh5 Ra8 48. Bd1 Ra2 49. h5 c4 50. bxc4 b4 51. Ke1
Ra5 52. Kf2 {Game drawn by mutual agreement} 1/2-1/2

[Event "ICC tourney 2149 (70 10)"]
[Site "Internet Chess Club"]
[Date "2020.11.22"]
[Round "5"]
[White "welmo"]
[Black "aditya7708"]
[Result "1/2-1/2"]
[ICCResult "Game drawn by mutual agreement"]
[WhiteElo "1511"]
[BlackElo "1538"]
[Opening "Sicilian: Najdorf"]
[ECO "B90"]
[NIC "SI.14"]
[Time "16:05:31"]
[TimeControl "4200+10"]

1. e4 c5 2. Nf3 d6 3. d4 cxd4 4. Nxd4 Nf6 5. Nc3 a6 6. Bd3 e6 7. O-O Be7 8.
h3 Nbd7 9. a3 O-O 10. Be3 Qc7 11. Rb1 b5 12. Re1 Bb7 13. Bd2 Rfe8 14. Kh1
Nc5 15. b4 Nxd3 16. cxd3 d5 17. Qe2 dxe4 18. dxe4 Rad8 19. Nf3 Rd7 20. Rbc1
Qb8 21. Bg5 h6 22. Bxf6 Bxf6 23. Qe3 Red8 24. Red1 Bxc3 25. Rxd7 Rxd7 26.
Rxc3 Rd1+ 27. Ng1 Qe5 28. f3 Qg3 29. Rc1 Rxc1 30. Qxc1 Qd6 31. Qc2 Bc6 32.
Ne2 g6 33. Kg1 f5 34. exf5 gxf5 35. Kf2 Qd5 36. Qc3 e5 37. Qc2 e4 38. fxe4
fxe4 39. Nf4 e3+ {Game drawn by mutual agreement} 1/2-1/2

[Event "ICC tourney 2149 (70 10)"]
[Site "Internet Chess Club"]
[Date "2020.11.22"]
[Round "5"]
[White "smashattack"]
[Black "ShriChess12"]
[Result "1/2-1/2"]
[ICCResult "Game drawn by repetition"]
[WhiteElo "1472"]
[BlackElo "1439"]
[Opening "QGD Slav: Dutch variation"]
[ECO "D18"]
[NIC "SL.04"]
[Time "16:05:40"]
[TimeControl "4200+10"]

1. d4 d5 2. c4 c6 3. Nf3 Nf6 4. Nc3 dxc4 5. a4 Bf5 6. e3 e6 7. Bxc4 Be7 8.
O-O O-O 9. Re1 Nbd7 10. e4 Bg6 11. Bg5 h6 12. Bf4 Nb6 13. Bb3 Bb4 14. e5
Nfd5 15. Bd2 Nxc3 16. bxc3 Ba5 17. c4 Bxd2 18. Qxd2 Bh5 19. a5 Nd7 20. Re3
c5 21. Rd1 Bxf3 22. gxf3 Qg5+ 23. Kh1 cxd4 24. Qxd4 Nb8 25. Rg1 Qe7 26. Qf4
Kh8 27. Qg3 f6 28. f4 f5 29. Qg2 Nc6 30. Rh3 Nxa5 31. Bd1 Nc6 32. Rg3 Rg8
33. Qh3 Rad8 34. Bh5 Rd7 35. Bg6 Qf8 36. Rg5 a5 37. Rh5 b6 38. Qb3 Nb4 39.
Rf1 Rd3 40. Qb2 Qa8+ 41. Kg1 Qf3 42. Rh4 Rd1 43. Rxd1 Qxd1+ 44. Kg2 Qc2 45.
Qa3 Qe4+ 46. Kg1 Rd8 47. Qb3 Rd3 48. Qa4 Qe1+ 49. Kg2 Qe4+ 50. Kg1 Qe1+ 51.
Kg2 Qe4+ 52. Kg1 Qe1+ 53. Kg2 Qe4+ 54. Kg1 Qe1+ 55. Kg2 Qe4+ 56. Kg1 Qe1+
57. Kg2 Qe4+ 58. Kg1 Qe1+ 59. Kg2 Qe4+ {Game drawn by repetition} 1/2-1/2

[Event "ICC tourney 2149 (70 10)"]
[Site "Internet Chess Club"]
[Date "2020.11.22"]
[Round "5"]
[White "ChalsparoV"]
[Black "ColdSpringAZ"]
[Result "1-0"]
[ICCResult "Black checkmated"]
[WhiteElo "1567"]
[BlackElo "1344"]
[Opening "Queen's bishop game"]
[ECO "D02"]
[NIC "QP.08"]
[Time "16:05:32"]
[TimeControl "4200+10"]

1. d4 d5 2. Nf3 Nf6 3. Bf4 e6 4. e3 c5 5. c3 Nc6 6. Nbd2 Bd6 7. Bg3 O-O 8.
Bb5 a6 9. Bxc6 bxc6 10. Qa4 Bb7 11. Bxd6 Qxd6 12. Qa3 Rfd8 13. dxc5 Qc7 14.
O-O Nd7 15. b4 a5 16. Qb2 axb4 17. cxb4 Ba6 18. Rfc1 Rdb8 19. Nd4 e5 20. Nf5
f6 21. e4 g6 22. Ne7+ Kf7 23. exd5 cxd5 24. Nxd5 Qc6 25. Ne3 Nxc5 26. Qc3
Rd8 27. Nb3 Rac8 28. Nxc5 Bb7 29. Nxb7 Qxc3 30. Nxd8+ Ke8 31. Rxc3 Rxc3 32.
Ne6 Rc6 33. Nc5 Rb6 34. Nd5 Rd6 35. a4 Rxd5 36. a5 Rd8 37. a6 Ra8 38. b5 Ke7
39. b6 Kd6 40. a7 Kxc5 41. b7 Rxa7 42. Rxa7 Kb6 43. b8=Q+ Kc5 44. Rd7 Kc4
45. Qc8+ Kb4 46. Rb7+ Ka3 47. Qa8# {Black checkmated} 1-0

[Event "ICC tourney 2149 (70 10)"]
[Site "Internet Chess Club"]
[Date "2020.11.22"]
[Round "5"]
[White "BL1867"]
[Black "sandwich-monkey"]
[Result "0-1"]
[ICCResult "White resigns"]
[WhiteElo "1287"]
[BlackElo "1477"]
[Opening "Caro-Kann: advance variation"]
[ECO "B12"]
[NIC "CK.04"]
[Time "16:06:09"]
[TimeControl "4200+10"]

1. e4 c6 2. d4 d5 3. e5 Bf5 4. f4 e6 5. Nf3 Nd7 6. c4 dxc4 7. Bxc4 Nb6 8. b3
Bb4+ 9. Bd2 Bxd2+ 10. Nbxd2 Ne7 11. O-O Ned5 12. Bxd5 cxd5 13. h3 h6 14. Rc1
O-O 15. Rc3 Qe7 16. Rc5 Rac8 17. b4 Nd7 18. Rxc8 Rxc8 19. a3 Nb6 20. Qb3 Qc7
21. Kh2 Qc3 22. Qxc3 Rxc3 23. Ra1 Nc4 24. a4 Nxd2 25. Nxd2 Rd3 26. Nf3 Be4
27. Rc1 Bxf3 28. gxf3 Rxd4 29. Rc8+ Kh7 30. Rc7 Kg6 31. Rxb7 Rxf4 32. Kg3
Rc4 33. Rxa7 Rxb4 34. a5 Ra4 35. a6 d4 36. Rd7 Rxa6 37. Rxd4 Kf5 38. f4 Ra3+
39. Kg2 f6 40. exf6 gxf6 41. Rc4 Re3 42. Rc5+ Kxf4 43. Rh5 Rg3+ 44. Kf2 Rg6
45. Rh4+ Kg5 46. Rg4+ Kf5 47. Rh4 Kg5 48. Rg4+ Kh5 49. Rc4 f5 50. Rc6 Kh4
{White resigns}
0-1

[Event "ICC tourney 2149 (70 10)"]
[Site "Internet Chess Club"]
[Date "2020.11.22"]
[Round "5"]
[White "MinnArkie"]
[Black "ChessHero76"]
[Result "0-1"]
[ICCResult "White resigns"]
[WhiteElo "1481"]
[BlackElo "1454"]
[Opening "Four knights: Belgrade gambit"]
[ECO "C47"]
[NIC "SO.02"]
[Time "16:05:20"]
[TimeControl "4200+10"]

1. e4 e5 2. Nf3 Nc6 3. Nc3 Nf6 4. d4 exd4 5. Nd5 Be7 6. Bc4 O-O 7. O-O d6 8.
Nxd4 Ne5 9. Nxe7+ Qxe7 10. Bb3 a6 11. Bg5 c5 12. Nf5 Bxf5 13. exf5 c4 14.
Re1 Qc7 15. Bxf6 gxf6 16. Rxe5 dxe5 17. Qg4+ Kh8 18. Bxc4 Rg8 19. Qh4 Qe7
20. Re1 Rg7 21. Bd3 Rag8 22. g3 Rg4 23. Qh6 R4g7 24. h3 Qb4 25. Re4 Qb6 26.
Kg2 Qc6 27. Kf1 Rd8 28. Rxe5 Rxd3 29. cxd3 fxe5 30. f6 Rg8 31. g4 Qe8 32.
Ke2 e4 33. d4 Qb5+ 34. Ke1 Qg5 35. Qxg5 Rxg5 36. Ke2 Rb5 37. b3 Rb6 38. Ke3
Re6 39. g5 h6 40. h4 hxg5 41. hxg5 Kh7 42. d5 Re5 43. d6 Rd5 44. Kxe4 Rxd6
45. Ke5 Rb6 46. f4 Kg6 47. Kd5 Kf5 48. g6 Kxg6 {White resigns} 0-1

[Event "ICC tourney 2149 (70 10)"]
[Site "Internet Chess Club"]
[Date "2020.11.22"]
[Round "5"]
[White "Davide25"]
[Black "rulloa"]
[Result "0-1"]
[ICCResult "White checkmated"]
[WhiteElo "1301"]
[BlackElo "208"]
[Opening "King's Indian: East Indian defense"]
[ECO "A48"]
[NIC "QP.06"]
[Time "16:05:31"]
[TimeControl "4200+10"]

1. d4 Nf6 2. Nf3 g6 3. e3 Bg7 4. Bd3 O-O 5. O-O d6 6. Nbd2 c5 7. c3 Nc6 8.
Qc2 Bd7 9. dxc5 dxc5 10. Rd1 Qc7 11. b3 Nd5 12. Bb2 Ndb4 13. cxb4 Nxb4 14.
Qb1 Bxb2 15. Qxb2 Nxd3 16. Qc3 Bb5 17. Nc4 Nb4 18. a3 Nc6 19. Rac1 b6 20.
Rd2 Rfd8 21. Rcd1 Rxd2 22. Rxd2 Rd8 23. Rxd8+ Qxd8 24. Ncd2 Qd3 25. Qb2 Qe2
26. h3 Qd1+ 27. Kh2 Qe2 28. Kg1 Qd3 29. Kh2 Qd6+ 30. Kg1 Be2 31. Qc3 Bxf3
32. Nxf3 Qd1+ 33. Kh2 Qd6+ 34. Kg1 Qf6 35. Qc1 Qd6 36. Qc3 a5 37. Qc4 Ne5
38. Nxe5 Qxe5 39. a4 e6 40. Qb5 Qd6 41. Qc4 Qd1+ 42. Kh2 Qd2 43. Kg3 Qd6+
44. Qf4 Qxf4+ 45. Kxf4 Kf8 46. Ke4 Ke7 47. Kd3 Kd6 48. Kc4 Kc6 49. f4 f5 50.
h4 h6 51. e4 fxe4 52. g4 h5 53. gxh5 gxh5 54. Kc3 Kd5 55. Kd2 Kd4 56. Ke2
Kc3 57. Ke3 Kxb3 58. Kxe4 c4 59. Ke5 c3 60. Kxe6 c2 61. f5 c1=Q 62. f6 Qc6+
63. Ke7 Qc5+ 64. Ke6 Qc4+ 65. Ke7 Qe4+ 66. Kd8 Qe6 67. Kc7 Qxf6 68. Kd7 Kc4
69. Kc7 Kc5 70. Kd7 Qf7+ 71. Kd8 Kc6 72. Kc8 Qf8# {White checkmated} 0-1

[Event "ICC tourney 2149 (70 10)"]
[Site "Internet Chess Club"]
[Date "2020.11.22"]
[Round "5"]
[White "FlowingMelody"]
[Black "Kingdude"]
[Result "1-0"]
[ICCResult "Black forfeits on time"]
[WhiteElo "1326"]
[BlackElo "1005"]
[Opening "Ruy Lopez: Möller defense"]
[ECO "C78"]
[NIC "RL.12"]
[Time "16:05:18"]
[TimeControl "4200+10"]

1. e4 e5 2. Nf3 Nc6 3. Bb5 a6 4. Ba4 Nf6 5. O-O Bc5 6. Bxc6 bxc6 7. Nxe5 O-O
8. d4 Re8 9. Nxf7 Kxf7 10. dxc5 Nxe4 11. Qf3+ Kg8 12. Be3 Rb8 13. Bd4 Qg5
14. Qe3 Qxe3 15. fxe3 Rb5 16. Na3 Ra5 17. Nc4 Rb5 18. a4 Rxc5 19. Bxc5 Nxc5
20. Rf3 d5 21. Nd2 Bg4 22. Rg3 h5 23. h3 {Black forfeits on time} 1-0

[Event "ICC tourney 2149 (70 10)"]
[Site "Internet Chess Club"]
[Date "2020.11.22"]
[Round "5"]
[White "Deng16"]
[Black "travelworld"]
[Result "0-1"]
[ICCResult "White checkmated"]
[WhiteElo "1405"]
[BlackElo "1182"]
[Opening "Ruy Lopez: open (Tarrasch) defense"]
[ECO "C80"]
[NIC "RL.27"]
[Time "16:05:22"]
[TimeControl "4200+10"]

1. e4 e5 2. Nf3 Nc6 3. Bb5 a6 4. Ba4 Nf6 5. O-O Nxe4 6. Re1 Nf6 7. Nxe5 Nxe5
8. Rxe5+ Be7 9. Qe2 b5 10. Bb3 d6 11. Rg5 O-O 12. Qf3 Bd7 13. d3 h6 14. Rg3
Kh8 15. Nd2 Re8 16. Ne4 Nxe4 17. dxe4 Bh4 18. Rxg7 Kxg7 19. Qxf7+ Kh8 20.
Bxh6 Qf6 21. Qh5 Bxf2+ 22. Kh1 Qh4 23. Qg6 Rg8 24. Bxg8 Rxg8 25. Qf7 Bg3 26.
h3 Bxh3 27. Kg1 Bh2+ 28. Kf1 Rxg2 29. Qf8+ Rg8+ 30. Ke2 Rxf8 31. Bxf8 Qxe4+
32. Kd2 Bf4+ 33. Kc3 Qc4# {White checkmated} 0-1

[Event "ICC tourney 2149 (70 10)"]
[Site "Internet Chess Club"]
[Date "2020.11.22"]
[Round "5"]
[White "venkataralla"]
[Black "MonoDubs"]
[Result "1-0"]
[ICCResult "Black checkmated"]
[WhiteElo "1454"]
[BlackElo "1354"]
[Opening "Dutch defense, Rubinstein variation"]
[ECO "A40"]
[NIC "QO.17"]
[Time "16:05:30"]
[TimeControl "4200+10"]

1. d4 e6 2. c4 f5 3. Nc3 Nf6 4. Bf4 Be7 5. e3 O-O 6. Bd3 d6 7. Nge2 b6 8.
O-O Bb7 9. Qc2 Nbd7 10. f3 c5 11. e4 fxe4 12. fxe4 cxd4 13. Nxd4 Nc5 14. Bg5
e5 15. Nf5 Ne6 16. Bh4 Nf4 17. Rf3 g6 18. Ne3 Ne6 19. Qd2 Nc5 20. Qc2 Ne6
21. Rf2 Nd4 22. Qd2 Nd7 23. Rxf8+ Nxf8 24. Bxe7 Qxe7 25. Rf1 Qg5 26. Qf2 Bc6
27. Ned5 Nd7 28. h4 Qd8 29. Qf7+ Kh8 30. h5 gxh5 31. Qxh5 Nc5 32. Rf7 Qg8
33. Nf6 Nf3+ 34. Kh1 Qg6 35. Qxh7+ Qxh7+ 36. Rxh7# {Black checkmated} 1-0

[Event "ICC tourney 2149 (70 10)"]
[Site "Internet Chess Club"]
[Date "2020.11.22"]
[Round "5"]
[White "Knighthhhh"]
[Black "Rishibhatt"]
[Result "0-1"]
[ICCResult "White checkmated"]
[WhiteElo "1111"]
[BlackElo "1479"]
[Opening "Ruy Lopez: classical (Cordel) defense"]
[ECO "C64"]
[NIC "RL.01"]
[Time "16:05:34"]
[TimeControl "4200+10"]

1. e4 e5 2. Nf3 Nc6 3. Bb5 Bc5 4. O-O d6 5. d3 Bg4 6. Nbd2 a6 7. Bxc6+ bxc6
8. h3 Bh5 9. c3 Nf6 10. Re1 O-O 11. Nf1 h6 12. Ng3 Bg6 13. Be3 Ba7 14. Bxa7
Rxa7 15. Qa4 Qd7 16. Rad1 Re8 17. d4 exd4 18. Qxd4 c5 19. Qc4 Qb5 20. Qxb5
axb5 21. a3 Bxe4 22. Nxe4 Rxe4 23. Rxe4 Nxe4 24. Re1 Nf6 25. Rc1 Rb7 26. Rc2
b4 27. axb4 cxb4 28. cxb4 Nd5 29. b5 Rxb5 30. Nd4 Rc5 31. Rxc5 dxc5 32. Kf1
cxd4 33. Ke2 c5 34. Kd3 Nc7 35. f4 f5 36. g3 Kf7 37. Kc4 Ne6 38. Kd3 Kf6 39.
Kc4 g5 40. fxg5+ hxg5 41. Kd3 f4 42. gxf4 Nxf4+ 43. Ke4 Nxh3 44. Kd3 Ke5 45.
Ke2 Ke4 46. Kd2 g4 47. Ke2 g3 48. Kd2 g2 49. Ke2 g1=Q 50. Kd2 Qf2+ 51. Kc1
d3 52. Kb1 d2 53. Ka2 d1=Q 54. Ka3 Qe3+ 55. Ka2 Qeb3# {White checkmated} 0-1

[Event "ICC tourney 2149 (70 10)"]
[Site "Internet Chess Club"]
[Date "2020.11.22"]
[Round "5"]
[White "karthikp"]
[Black "mjohnson21"]
[Result "0-1"]
[ICCResult "White resigns"]
[WhiteElo "1409"]
[BlackElo "1350"]
[Opening "Giuoco Pianissimo"]
[ECO "C50"]
[NIC "IG.02"]
[Time "16:05:47"]
[TimeControl "4200+10"]

1. e4 e5 2. Nf3 Nc6 3. Bc4 Bc5 4. d3 h6 5. Nc3 Nf6 6. a3 d6 7. h3 O-O 8. O-O
Be6 9. Bxe6 fxe6 10. Re1 Nd4 11. Nxd4 Bxd4 12. Be3 c5 13. Bxd4 exd4 14. Ne2
Qd7 15. Ng3 Rf7 16. Re2 Raf8 17. Qe1 e5 18. f3 Re7 19. Nf5 Ref7 20. Ng3 g6
21. Qa5 b6 22. Qd2 Kh7 23. Rf1 h5 24. Qg5 Ng8 25. Ref2 Qe6 26. f4 exf4 27.
Rxf4 Rf6 28. Ne2 Qe5 29. Qxe5 dxe5 30. Rxf6 Rxf6 31. Rxf6 Nxf6 32. b3 Kh6
33. Kf2 Kg5 34. g3 h4 35. g4 Nxg4+ 36. hxg4 Kxg4 37. Kg2 g5 38. a4 h3+ 39.
Kh2 Kf3 40. Ng1+ Ke3 41. Nxh3 Kd2 42. Nxg5 Kxc2 43. Nf3 Kxd3 44. Nxe5+ Kxe4
45. Nc4 Kd3 {White resigns} 0-1

[Event "ICC tourney 2149 (70 10)"]
[Site "Internet Chess Club"]
[Date "2020.11.22"]
[Round "5"]
[White "chessfans2020"]
[Black "MahchessICC"]
[Result "0-1"]
[ICCResult "White checkmated"]
[WhiteElo "1492"]
[BlackElo "1344"]
[Opening "French: Winawer, advance variation"]
[ECO "C18"]
[NIC "FR.11"]
[Time "16:05:25"]
[TimeControl "4200+10"]

1. e4 e6 2. d4 d5 3. Nc3 Bb4 4. e5 c5 5. a3 Bxc3+ 6. bxc3 Qa5 7. Bd2 Nc6 8.
Qg4 Kf8 9. a4 Nge7 10. Ne2 Rg8 11. Nf4 Qb6 12. dxc5 Qxc5 13. Nd3 Qc4 14.
Qxc4 dxc4 15. Nb2 Nxe5 16. Nxc4 Nxc4 17. Bxc4 Nc6 18. Rb1 Rb8 19. Be3 b6 20.
Bd3 g6 21. Be4 Bb7 22. h4 Ne5 23. Bxb7 Rxb7 24. Bf4 Nc6 25. Rd1 Kg7 26. h5
Rd8 27. h6+ Kf6 28. Rxd8 Nxd8 29. g4 e5 30. Be3 Rc7 31. Rh3 Ne6 32. Rf3+ Ke7
33. Bd2 Rc4 34. g5 Rxa4 35. Re3 e4 36. f3 Nxg5 37. fxe4 Rxe4 38. Kf2 Rxe3
39. Kxe3 f5 40. Kf4 Ne4 41. Be1 Ke6 42. Kf3 Ke5 43. Ke3 a5 44. c4 Kd6 45.
Kd4 Kc6 46. Ke5 Kc5 47. Ke6 Kxc4 48. Kf7 a4 49. Kg7 a3 50. Kxh7 a2 51. Kg8
a1=Q 52. h7 Nf6+ 53. Kf7 Nxh7 54. Bh4 Qa7+ 55. Be7 Qxe7+ 56. Kxe7 f4 57. Kf7
f3 58. Kxg6 f2 59. Kxh7 f1=Q 60. Kg6 Kd5 61. Kg5 Ke4 62. c4 Qf3 63. Kg6 Qf5+
64. Kg7 Ke5 65. c5 bxc5 66. Kh8 Qd7 67. Kg8 Kf6 68. Kh8 Qg7# {White
checkmated} 0-1

[Event "ICC tourney 2149 (70 10)"]
[Site "Internet Chess Club"]
[Date "2020.11.22"]
[Round "5"]
[White "tjdavis2nd"]
[Black "GalaxyToast"]
[Result "0-1"]
[ICCResult "White resigns"]
[WhiteElo "1159"]
[BlackElo "1415"]
[Opening "Queen's pawn game"]
[ECO "D04"]
[NIC "QP.08"]
[Time "16:05:32"]
[TimeControl "4200+10"]

1. d4 d5 2. Nf3 Nf6 3. e3 Bf5 4. Nc3 e6 5. Be2 h6 6. O-O c5 7. b3 Be7 8. Bb2
Nc6 9. Qd2 O-O 10. Rfe1 Ne4 11. Nxe4 Bxe4 12. dxc5 Bxc5 13. Qc3 Qf6 14. Qxf6
gxf6 15. Bxf6 Nb4 16. Bd1 Rac8 17. Nh4 Bxc2 18. Re2 Bxd1 19. Rxd1 Nc6 20. e4
Be7 21. Bxe7 Nxe7 22. Re3 dxe4 23. h3 Nd5 24. Rxe4 Rc2 25. Nf5 exf5 26. Rh4
Nf6 27. Rd6 Kg7 28. Kh2 Rxf2 29. Kg1 Rxa2 30. Rf4 Ra5 31. Rf3 Ra6 32. Rd4
Rb6 33. Rg3+ Kh7 34. Rf4 Rb5 35. Rh4 Rg8 36. Re3 Rd8 37. Re7 Kg6 38. Rf4 Nd5
39. Rd4 Nxe7 40. Rxd8 Rxb3 41. Rd7 Nc6 42. Rd6+ Kg5 43. Rd7 a5 44. Rxf7 a4
45. Rd7 a3 46. Rd1 a2 47. Ra1 Rb1+ 48. Kh2 Rxa1 {White resigns} 0-1

[Event "ICC tourney 2149 (70 10)"]
[Site "Internet Chess Club"]
[Date "2020.11.22"]
[Round "6"]
[White "Queen4aKing"]
[Black "tjdavis2nd"]
[Result "1-0"]
[ICCResult "Black resigns"]
[WhiteElo "1506"]
[BlackElo "1148"]
[Opening "Sicilian: Smith-Morra gambit"]
[ECO "B41"]
[NIC "SI.48"]
[Time "19:33:21"]
[TimeControl "4200+10"]

1. e4 c5 2. d4 e6 3. Nf3 Nc6 4. d5 exd5 5. exd5 Nb4 6. a3 Na6 7. d6 Bxd6 8.
Qxd6 Qe7+ 9. Qxe7+ Nxe7 10. Bxa6 bxa6 11. O-O O-O 12. b3 d6 13. Bb2 f6 14.
Nbd2 Bb7 15. Rfe1 Ng6 16. Re3 Rfe8 17. Rae1 Bc6 18. Nc4 Rad8 19. Rxe8+ Bxe8
20. Nxd6 Bc6 21. Nf5 Ne5 22. Nxe5 fxe5 23. Ne7+ Kh8 24. Nxc6 {Black resigns}
1-0

[Event "ICC tourney 2149 (70 10)"]
[Site "Internet Chess Club"]
[Date "2020.11.22"]
[Round "6"]
[White "hi321"]
[Black "Exocytosis"]
[Result "0-1"]
[ICCResult "White resigns"]
[WhiteElo "1424"]
[BlackElo "256"]
[Opening "Bird's opening"]
[ECO "A03"]
[NIC "VO.07"]
[Time "19:34:08"]
[TimeControl "4200+10"]

1. f4 d5 2. e3 Nf6 3. Nf3 e6 4. d4 a6 5. b3 Nbd7 6. Bd3 c5 7. Bb2 Be7 8.
Nbd2 h6 9. h3 b5 10. c3 Bb7 11. Qe2 Nh5 12. Qf2 Ndf6 13. g4 Ne4 14. Bxe4
dxe4 15. Ne5 Bh4 16. gxh5 Bxf2+ 17. Kxf2 Qh4+ 18. Ke2 Qxh5+ 19. Kf2 Rc8 20.
dxc5 Rxc5 21. c4 f6 22. Ng4 e5 23. fxe5 f5 24. Nf6+ gxf6 25. exf6 Rg8 26.
Rhg1 Rg5 {White resigns} 0-1

[Event "ICC tourney 2149 (70 10)"]
[Site "Internet Chess Club"]
[Date "2020.11.22"]
[Round "6"]
[White "GiganticCell"]
[Black "LucasW-B"]
[Result "1-0"]
[ICCResult "Black resigns"]
[WhiteElo "1396"]
[BlackElo "783"]
[Opening "Petrov three knights game"]
[ECO "C42"]
[NIC "RG.01"]
[Time "19:33:19"]
[TimeControl "4200+10"]

1. e4 e5 2. Nf3 Nf6 3. Nc3 d5 4. exd5 Nxd5 5. Bc4 Be6 6. Bb3 Nc6 7. O-O Bd6
8. Nxd5 e4 9. Nc3 exf3 10. Qxf3 Qh4 11. g3 Qh3 12. Bxe6 fxe6 13. d3 Nd4 14.
Qe4 Nf5 15. Qxe6+ Kf8 16. Qd5 Rd8 17. Qxb7 h5 18. Qg2 Qg4 19. Qe4 Qh3 20.
Qg2 Qg4 21. h3 Qd4 22. Nb5 Qc5 23. Nxd6 Rxd6 24. Qa8+ {Black resigns} 1-0